 Dungeon Crawl Stone Soup version 0.31-a0-881-ge136f0c47a (webtiles) character file.

Game seed: 6613556269961672422

82 pokeman the Magician (level 4, 0/25 HPs)
             Began as a Deep Elf Hedge Wizard on Oct 16, 2023.
             Killed from afar by an orc wizard (6 damage)
             ... with a magic dart
             ... on level 3 of the Dungeon.
             The game lasted 00:03:52 (1998 turns).

pokeman the Magician (Deep Elf Hedge Wizard)        Turns: 1998, Time: 00:03:53

Health: 0/25       AC:  4    Str:  7    XL:     4   Next: 21%
Magic:  1/13       EV: 12    Int: 21    God:
Gold:   114        SH:  0    Dex: 14    Spells: 6/14 levels left

rFire   . . .        j - +0 short sword (speed)
rCold   . . .        (no shield)
rNeg    . . .        b - +0 robe
rPois   .            c - +0 hat
rElec   .            l - +0 cloak
rCorr   .            (no gloves)
SInv    .            a - +0 pair of boots
Will    .....        (no amulet)
Stlth   ++           (no ring)
HPRegen 0.24/turn    (no ring)
MPRegen 0.13/turn

%: no passive effects
@: very slightly contaminated
A: no striking features
a: no special abilities


You were on level 3 of the Dungeon.
You visited 1 branch of the dungeon, and saw 3 of its levels.

You collected 114 gold pieces.

Inventory:

Hand Weapons
 j - a +0 short sword of speed (weapon)
Missiles
 h - 2 throwing nets
Armour
 a - a +0 pair of boots (worn)
 b - a +0 robe (worn)
 c - a +0 hat (worn)
 l - a +0 cloak (worn)
Magical Staves
 e - a staff of conjuration
Wands
 n - a wand of light (11)
Scrolls
 g - 2 scrolls of enchant weapon {unknown}
 i - 2 scrolls of teleportation {unknown}
 m - a scroll of revelation {unknown}
Potions
 d - 2 potions of magic
 f - a potion of might {unknown}
 k - a potion of haste {unknown}


   Skills:
 - Level 1.0 Fighting
 - Level 1.0 Armour
 + Level 2.6 Dodging
 + Level 2.6 Stealth
 * Level 5.6 Spellcasting
 + Level 2.2 Conjurations
 - Level 1.1 Summonings
 - Level 1.1 Translocations


You had 6 spell levels left.
You knew the following spells:

 Your Spells              Type           Power      Damage    Failure   Level
a - Magic Dart            Conj           60%        1d6       4%          1
b - Mephitic Cloud        Conj/Pois/Air  9%         N/A       22%         3
c - Call Imp              Summ           20%        N/A       10%         2
d - Blink                 Tloc           20%        N/A       10%         2

Your spell library contained the following spells:

 Spells                   Type           Power      Damage    Failure   Level
 Slow                     Hex            20%        N/A       11%         1
 Cigotuvi's Dreadful Rot  Necr/Pois/Air  10%        N/A       16%         2


Dungeon Overview and Level Annotations

Branches:
Dungeon (3/15)

Altars:
Qazlal


Message History

Aim: an orc wizard, wielding a +0 dagger and wearing a +0 robe (chance to affect: 86%)
You miscast Mephitic Cloud.
You are very lightly contaminated with residual magic.
You feel rather nauseous for a moment!
You are poisoned.
You feel sick.
Unknown command.
Casting: Mephitic Cloud (extremely dangerous; 22% risk of failure)
Confirm with . or Enter, or press ? or * to list all spells.
Aiming: Mephitic Cloud (extremely dangerous; 22% risk of failure)
Press: ? - help, Shift-Dir - straight line, f/p - orc wizard
Aim: an orc wizard, wielding a +0 dagger and wearing a +0 robe (chance to affect: 86%)
You miscast Mephitic Cloud.
Nothing appears to happen.
You feel sick.
Unknown command.
Casting: Mephitic Cloud (extremely dangerous; 22% risk of failure)
Confirm with . or Enter, or press ? or * to list all spells.
Aiming: Mephitic Cloud (extremely dangerous; 22% risk of failure)
Press: ? - help, Shift-Dir - straight line, f/p - orc wizard
Aim: an orc wizard, wielding a +0 dagger and wearing a +0 robe (chance to affect: 86%)
You miscast Mephitic Cloud.
Nothing appears to happen.
You feel sick. The orc wizard barely misses you.
Unknown command.
Casting: Mephitic Cloud (extremely dangerous; 22% risk of failure)
Confirm with . or Enter, or press ? or * to list all spells.
A tiny devil pulls itself out of the air.
You feel sick.
The orc wizard hits you but does no damage.
Unknown command.
You feel sick.
You are no longer poisoned.
Your cerulean imp misses the orc wizard.
A goblin comes into view. It is wielding a +0 dagger.
The orc wizard gestures at you while chanting.
The magic dart hits you.
* * * LOW HITPOINT WARNING * * *
Your cerulean imp misses the orc wizard.
Something hits your cerulean imp.
The orc wizard gestures at you while chanting.
The magic dart hits you.
You die...

#.. #.# ..g #5#
#)# #o# #.#
###.######
#.###...@...<#
#........###.##
#####.#..##..†##
#
#.#..#.....##.#
#.#...........#
#.#........##.#
#.#.#.#...## ..
##.#.#.##.## ##
#....#....#


You could see an orc wizard (ally target) and a friendly cerulean imp
(summoned).

Vanquished Creatures
  3 adders
  An orc (D:3)
  4 endoplasms
  A giant cockroach (D:1)
  9 goblins
  7 hobgoblins
  6 quokkas
  6 ball pythons (D:1)
  7 bats
  A frilled lizard (D:1)
  4 kobolds
  A rat (D:1)
50 creatures vanquished.

Notes
Turn   | Place    | Note
-------+----------+-------------------------------------------
     0 | D:1      | pokeman the Deep Elf Hedge Wizard began the quest for the
                  | Orb.
     0 | D:1      | Reached XP level 1. HP: 10/10 MP: 7/7
   163 | D:1      | Reached XP level 2. HP: 16/16 MP: 0/9
   244 | D:1      | Found a faded altar of an unknown god.
   551 | D:1      | Reached skill level 5 in Spellcasting
   726 | D:1      | Reached XP level 3. HP: 20/20 MP: 8/11
   730 | D:1      | Learned a level 3 spell: Mephitic Cloud
   733 | D:1      | Learned a level 2 spell: Call Imp
   736 | D:1      | Learned a level 2 spell: Blink
  1248 | D:2      | Reached skill level 1 in Armour
  1341 | D:2      | Reached skill level 1 in Fighting
  1362 | D:2      | Found a stormy altar of Qazlal.
  1612 | D:2      | Reached XP level 4. HP: 25/25 MP: 6/13
  1998 | D:3      | Killed from afar by an orc wizard

Illustrated notes

Levels and vault maps discovered:
D:1:      dpeg_arrival_signposts, layout_rooms,
          shapermc_ecumenical_altar_starsandcircs, hangedman_decor_points
D:2:      layout_loops_cross, basic_altar
D:3:      layout_loops_ring, nicolae_overflow_hidden_temple,
          mainiacjoe_overflow_24_doors

Skill      XL: |  1  2  3 |
---------------+----------+-----
Spellcasting   | 5 |  5.6
Armour         | 1 |  1.0
Fighting       | 1 |  1.0
Conjurations   | 2 |  2.2
Dodging        | |  2.6
Stealth        | |  2.6
Summonings     | |  1.1
Translocations | |  1.1

Action                     |  1- 3 |  4- 6 || total
---------------------------+-------+-------++-------
  Melee: Dagger            |    21 |       ||    21
   Cast: Magic Dart        |    94 |    15 ||   109
         Call Imp          |       |     1 ||     1
 Armour: Robe              |    13 |     4 ||    17
  Dodge: Dodged            |    16 |     2 ||    18

Table legend: (Time is in decaauts)
 A = Elapsed time spent in this place.
 B = Non-inter-level travel time spent in this place.
 C = Inter-level travel time spent in this place.
 D = Time resting spent in this place.
 E = Time spent auto-exploring this place.
 F = Levels seen in this place.
 G = Mean time per level.
                   A        B        C        D        E       F      G
               +--------+--------+--------+--------+--------+-----+--------+
         Total |   1997 |   1972 |     25 |      0 |   1717 |   3 |  665.7 |
       Dungeon |   1997 |   1972 |     25 |      0 |   1717 |   3 |  665.7 |
               +--------+--------+--------+--------+--------+-----+--------+

Top non-repeatable levels by time:
     D:1: 991 daAuts
     D:2: 907 daAuts
     D:3: 98 daAuts
